 Dungeon Crawl Stone Soup version 0.31.0-11-ge490571c62 (webtiles) character file.

Game seed: 11231255111833688159

313 Rassilon the Trooper (level 6, -2/48 HPs)
             Began as a Demonspawn Monk on Jan 28, 2024.
             Slain by an adder (9 damage)
             ... on level 5 of the Dungeon.
             The game lasted 00:13:06 (2585 turns).

Rassilon the Trooper (Demonspawn Monk)              Turns: 2585, Time: 00:13:07

Health: -2/48      AC:  5    Str: 13    XL:     6   Next: 19%
Magic:  6/6        EV:  2    Int: 11    God:
Gold:   187        SH:  0    Dex: 15    Spells: 5/5 levels left

rFire   . . .        s - staff of air
rCold   . . .        d - orb {light}
rNeg    . . .        b - +0 robe
rPois   .            (helmet restricted)
rElec   +            l - +0 cloak
rCorr   .            (no gloves)
SInv    .            (no boots)
Will    .....        (no amulet)
Stlth   +            (no ring)
HPRegen 0.28/turn    (no ring)
MPRegen 0.10/turn

%: no passive effects
@: sleeping, glowing
A: horns 1, slimy green scales 1, demonic guardian 1
a: no special abilities


You were on level 5 of the Dungeon.
You visited 1 branch of the dungeon, and saw 5 of its levels.

You collected 187 gold pieces.

Inventory:

Hand Weapons
 a - a +0 falchion
Armour
 b - a +0 robe (worn)
 d - an orb of light (worn)
 l - a +0 cloak (worn)
Magical Staves
 s - a staff of air (weapon)
Talismans
 g - a beast talisman
Scrolls
 f - a scroll of acquirement {unknown}
 h - 4 scrolls of identify {unknown}
 i - 3 scrolls of amnesia {unknown}
 n - a scroll of fear {unknown}
 o - 2 scrolls of teleportation {unknown}
 p - a scroll of fog {unknown}
 q - a scroll of vulnerability {unknown}
 r - a scroll of revelation {unknown}
 t - a scroll of enchant weapon {unknown}
Potions
 c - a potion of heal wounds {unknown}
 e - 2 potions of might
 j - a potion of curing
 k - a potion of magic {unknown}
 m - a potion of brilliance {unknown}


   Skills:
 + Level 4.2 Fighting
 - Level 3.4 Long Blades
 * Level 2.0 Staves
 + Level 3.8 Dodging
 + Level 2.1 Shapeshifting


You had 5 spell levels left.
You didn't know any spells.
Your spell library contained the following spells:

 Spells                   Type           Power      Damage    Failure   Level
 Slow                     Hex            0%         N/A       34%         1
 Confusing Touch          Hex            0%         N/A       71%         3
 Sigil of Binding         Hex            0%         N/A       71%         3
 Vampiric Draining        Necr           0%         2d6       71%         3


Dungeon Overview and Level Annotations

Branches:
Dungeon (5/15)
 Temple: D:4-7

Altars:
Ashenzari
Hepliaklqana
Kikubaaqudgha
Xom
Yredelemnul

Shops:
D:4 :


Innate Abilities, Weirdness & Mutations

You have a pair of small horns on your head.
You are partially covered in slimy green scales. (AC +2)
A weak demonic guardian rushes to your aid.


Message History

The adder closely misses you. The sleepcap barely misses you.
You hit the adder.
The adder is severely wounded.
The adder misses you. The sleepcap barely misses you.
The adder barely misses you. The sleepcap releases spores at you.
* * * LOW HITPOINT WARNING * * *
A demonic guardian appears!
You are engulfed in a cloud of soporific spores!
You fall asleep.
The adder bites you but does no damage.
Your white imp gestures at the sleepcap.
The puff of frost hits the sleepcap!
The sleepcap releases spores at you.
You wake up.
* * * LOW HITPOINT WARNING * * *
You are engulfed in a cloud of soporific spores!
You are unaffected.
It was a potion of curing.
You feel better. The adder misses you.
Your white imp hits the sleepcap but does no damage.
The sleepcap misses you.
You closely miss the adder.
The adder is severely wounded.
The adder bites you.
* * * LOW HITPOINT WARNING * * *
The adder bites you but does no damage. The sleepcap barely misses you.
Your white imp gestures at the sleepcap.
The puff of frost hits the sleepcap!
The sleepcap releases spores at your white imp.
Your white imp is engulfed in a cloud of soporific spores!
Your white imp hits the sleepcap but does no damage.
You completely miss the sleepcap. You headbutt the sleepcap.
The sleepcap is severely damaged.
The adder bites you.
* * * LOW HITPOINT WARNING * * *
Your white imp hits the sleepcap but does no damage.
The sleepcap releases spores at you.
* * * LOW HITPOINT WARNING * * *
You are engulfed in a cloud of soporific spores!
You fall asleep.
The adder bites you!
You die...

##+##
##...##
##.....##
##.......##
#.........#
+>.@5.....+
#.Sf......#
##.)<....##
##.....##
##...##
##+##


You could see a sleepcap (ally target), an adder and a friendly white imp
(summoned).

Vanquished Creatures
  An ogre (D:5)
  2 bombardier beetles
  2 adders (D:2)
  2 dart slugs
  4 ribbon worms
  5 orcs
  7 endoplasms
  3 giant cockroaches
  8 goblins
  5 hobgoblins
  4 jackals (D:2)
  2 quokkas
  5 ball pythons
  3 bats
  4 frilled lizards (D:2)
  5 kobolds
  2 rats
64 creatures vanquished.

Vanquished Creatures (collateral kills)
  A hound (D:4)
  An iguana (D:4)
  3 orcs (D:4)
  A quokka (D:4)
  A kobold (D:4)
7 creatures vanquished.

Grand Total: 71 creatures vanquished

Notes
Turn   | Place    | Note
-------+----------+-------------------------------------------
     0 | D:1      | Rassilon the Demonspawn Monk began the quest for the Orb.
     0 | D:1      | Reached XP level 1. HP: 18/18 MP: 1/1
   286 | D:1      | Gained mutation: You have a pair of small horns on your
                  | head. [demonic ancestry]
   286 | D:1      | Reached XP level 2. HP: 21/24 MP: 2/2
   565 | D:2      | Gained mutation: A weak demonic guardian rushes to your
                  | aid. [demonic ancestry]
   565 | D:2      | Reached XP level 3. HP: 28/29 MP: 3/3
   575 | D:2      | Reached skill level 1 in Shapeshifting
  1273 | D:3      | Reached XP level 4. HP: 35/35 MP: 4/4
  1907 | D:4      | Found a basalt altar of Yredelemnul.
  1980 | D:4      | Found a shimmering altar of Xom.
  2003 | D:4      | Gained mutation: You are partially covered in slimy green
                  | scales. (AC +2) [demonic ancestry]
  2003 | D:4      | Reached XP level 5. HP: 39/42 MP: 5/5
  2036 | D:4      | Found a hazy altar of Hepliaklqana.
  2045 | D:4      | Reached skill level 4 in Fighting
  2045 | D:4      | Reached skill level 1 in Staves
  2114 | D:4      | Found an ancient bone altar of Kikubaaqudgha.
  2145 | D:4      | Found Emoefaje's Tremendous Tomes.
  2267 | D:4      | Found a broken altar of Ashenzari.
  2570 | D:5      | Entered Level 5 of the Dungeon
  2570 | D:5      | Noticed an ogre
  2578 | D:5      | Killed an ogre
  2579 | D:5      | Reached XP level 6. HP: 14/48 MP: 6/6
  2585 | D:5      | Slain by an adder

Illustrated notes

Levels and vault maps discovered:
D:1:      ldierk_walled_garden_2, layout_rooms
D:2:      layout_loops_ring
D:3:      layout_rooms, kennysheep_doodads, st_stairs_7, serial_bayou_lagoon_a,
          moated_statue, chequers_decorated_corner
D:4:      layout_basic, mainiacjoe_overflow_brackets, amcnicky_altar_gilded,
          lemuel_crystal_altar, general_overflow_altar,
          mainiacjoe_overflow_catwalk, nicolae_shop_i_like_big_books
D:5:      layout_loops_corners, eat_drink_and_be_merry_uskayaw,
          makhleb_grotto_becter, marbit_many_paths, minmay_temple_entry_ruins,
          cheibrodos_sewer_entry_drain, grunt_ministairs_14, kennysheep_diamond,
          nicolae_shop_sticking_my_neck_out

Skill      XL: |  1  2  3  4  5 |
---------------+----------------+-----
Long Blades    | 3 |  3.4
Dodging        | 3 |  3.8
Shapeshifting  | 1 2 |  2.1
Fighting       | 4 |  4.2
Staves         | 2 |  2.0

Action                     |  1- 3 |  4- 6 || total
---------------------------+-------+-------++-------
  Melee: Falchion          |    82 |    45 ||   127
         Headbutt          |    17 |    19 ||    36
         Staff             |       |    36 ||    36
    Use: Potion            |       |     3 ||     3
   Stab: Distracted        |       |     1 ||     1
 Armour: Robe              |    24 |    55 ||    79
  Dodge: Dodged            |    44 |    75 ||   119
